 Dungeon Crawl Stone Soup version 0.26-a0-52-gd53d4cd058 (webtiles) character file.

Game seed: 1941925122153892570

12954 Apogee the Cleaver (level 11, -3/78 HPs)
             Began as a Demonspawn Fighter on June 5, 2020.
             Was a High Priest of Makhleb.
             Slain by an 11-headed hydra (5 damage)
             ... on level 2 of the Lair of Beasts on June 6, 2020.
             The game lasted 00:43:59 (12368 turns).

Apogee the Cleaver (Demonspawn Fighter)            Turns: 12368, Time: 00:43:59

Health: -3/78      AC: 17    Str: 19 (20) XL:     11   Next: 69%
Magic:  16/16      EV:  7    Int:  9      God:    Makhleb [*****.]
Gold:   621        SH:  0    Dex: 13      Spells: 10/10 levels left

rFire    . . .     SeeInvis .   W - +0 battleaxe (freeze)
rCold    . . .     Gourm    .   (shield currently unavailable)
rNeg     . . .     Faith    .   X - +0 plate armour
rPois    .         Spirit   .   (helmet restricted)
rElec    .         Reflect  .   (no cloak)
rCorr    +         Harm     .   y - +2 pair of gloves
MR       .....                  (no boots)
Stlth    ..........             D - amulet of regeneration
HPRegen  0.63/turn              I - ring of resist corrosion
MPRegen  0.15/turn              (no ring)

@: mighty
A: horns 1, talons 1, molten scales 1, demonic guardian 1, deterioration 1,
frail 1, high mp 1, powered by pain 2, MP-powered wands
a: Minor Destruction, Lesser Servant of Makhleb, Major Destruction, Greater
Servant of Makhleb, Renounce Religion


You were on level 2 of the Lair of Beasts.
You worshipped Makhleb.
Makhleb was extremely pleased with you.
You were not hungry.

You visited 3 branches of the dungeon, and saw 12 of its levels.
You also visited: Sewer and Ossuary.

You collected 621 gold pieces.

Inventory:

Hand Weapons
 a - a +0 war axe of protection
 b - a +1 shortbow
 g - a +4 war axe
 U - a +0 hunting sling
 W - a +0 battleaxe of freezing (weapon)
Missiles
 i - 419 stones (quivered)
 j - 121 sling bullets
 q - 181 arrows
Armour
 c - a +0 kite shield
 w - a +1 pair of gloves
 y - a +2 pair of gloves (worn)
 B - a +0 helmet
 X - a +0 plate armour (worn)
Magical Staves
 E - an uncursed staff of poison {unknown}
Jewellery
 D - an amulet of regeneration (around neck)
 I - a ring of resist corrosion (left hand)
Wands
 z - a wand of random effects (17)
 G - a wand of iceblast (7)
 K - a wand of digging (4)
Scrolls
 d - 4 scrolls of identify
 k - a scroll of fear
 n - 2 scrolls of enchant armour
 o - 6 scrolls of remove curse
 r - 10 scrolls of teleportation
 s - a scroll of blinking {unknown}
 t - 3 scrolls of amnesia
 x - 2 scrolls of magic mapping
 C - 4 scrolls of enchant weapon
 O - a scroll of fog
Potions
 e - a potion of cancellation
 l - 4 potions of flight
 m - 2 potions of haste
 u - 2 potions of berserk rage
 v - a potion of invisibility
 L - a potion of stabbing
Comestibles
 f - 15 rations
 p - 5 chunks of flesh


   Skills:
 + Level 8.4 Fighting
 + Level 13.5 Axes
 - Level 6.0 Armour
 - Level 3.0 Dodging
 - Level 2.6 Shields
 + Level 5.9 Invocations


You had 10 spell levels left.
You didn't know any spells.
Your spell library contained the following spells:

 Spells                   Type           Power        Failure   Level  Hunger
 Sandblast                Erth           #.....       100%        1    ##.....
 Sting                    Tmut/Pois      #...         100%        1    ##.....
 Passwall                 Tmut/Erth      #.......     100%        2    ###....
 Poisonous Vapours        Pois/Air       #.....       100%        2    ###....
 Ignite Poison            Fire/Tmut/Pois #.......     100%        3    ####...
 Mephitic Cloud           Conj/Pois/Air  #.......     100%        3    ####...
 Stone Arrow              Conj/Erth      #.....       100%        3    ####...
 Olgreb's Toxic Radiance  Pois           #.......     100%        4    #####..
 Petrify                  Tmut/Erth      #.......     100%        4    #####..
 Lee's Rapid Deconstruct  Erth           #.........   100%        5    ######.


Dungeon Overview and Level Annotations

Branches:
Dungeon (9/15)             Temple (1/1) D:4            Lair (2/6) D:8
    Orc (0/2) D:9           Sewer (visited)         Ossuary (visited)
  Swamp: Lair:2-4    Shoals: Lair:2-4     Snake: Lair:2-4    Spider: Lair:2-4

Altars:
Ashenzari
Cheibriados
Dithmenos
Elyvilon
Fedhas
Gozag
Hepliaklqana
Kikubaaqudgha
Makhleb
Nemelex Xobeh
Okawaru
Qazlal
Ru
Sif Muna
Trog
Uskayaw
Vehumet
Wu Jian
Xom
Yredelemnul
Zin
The Shining One
Beogh

Shops:
D:5 *

Annotations:
D:4 Edmund
Lair:1 exclusion: 3 doors, xccam's ghost, journeyman DrTm


Innate Abilities, Weirdness & Mutations

You have sharp toenails.
You are partially covered in molten scales. (AC +2)
A weak demonic guardian rushes to your aid.
You sometimes gain power by taking damage.
You have a pair of small horns on your head.
Your body sometimes deteriorates upon taking damage.
You are frail. (-10% HP)
You have an increased reservoir of magic. (+10% MP)
You expend magic power (3 MP) to strengthen your wands.


Message History

* * * LOW HITPOINT WARNING * * *
The ten-headed hydra bites you but does no damage.
The ten-headed hydra barely misses you.
The ten-headed hydra bites you but does no damage. x2
Unknown command.
You slice one of the ten-headed hydra's heads off!
The nine-headed hydra grows two more!
You slash the 11-headed hydra!
The 11-headed hydra seems to slow down.
You freeze the 11-headed hydra.
The 11-headed hydra is severely wounded.
The 11-headed hydra bites you but does no damage.
The 11-headed hydra closely misses you. The 11-headed hydra bites you.
* * * LOW HITPOINT WARNING * * *
The 11-headed hydra bites you but does no damage. x2
The 11-headed hydra bites you.
* * * LOW HITPOINT WARNING * * *
The 11-headed hydra bites you but does no damage.
The 11-headed hydra barely misses you. x2
The 11-headed hydra bites you but does no damage.
The 11-headed hydra bites you.
You die...

................8...8.#......
.........###..........# .....
...##.#..# ##.#...8..... ....
...###...## ###).......#.
...##P...)####...###....
...##P.....#......# #...
...###....##....#.#..... ...#
#....##...D#....#
#.P.##....#@.P.#
####.###..##.####
..#.#P'##...#...###
.........#.>........
.........#..........
...........#........
.....................
................######.
.................#


You could see a 11-headed hydra (slow).

Vanquished Creatures
  Harold (Lair:2)
  Erica (D:8)
  Pikel (D:8)
  Joseph (D:8)
  A black mamba (Lair:2)
  A spiny frog (Lair:2)
  2 rime drakes (Lair:1)
  A komodo dragon (Lair:2)
  2 polar bears (D:9)
  9 yaks (Lair:2)
  A wraith (Ossuary)
  3 wyverns
  3 hungry ghosts
  A warg (D:8)
  7 nagas (Lair:2)
  A water moccasin (Lair:2)
  A porcupine (Lair:2)
  5 orc warriors
  4 slaves (D:8)
  3 sky beasts
  An ice beast (D:8)
  3 black bears
  A necrophage (D:9)
  2 ogres
  A phantom (D:6)
  A centaur (D:7)
  A hornet zombie (D:8)
  4 crocodiles
  2 big kobolds
  2 bullfrogs
  A spiny frog simulacrum (Lair:1)
  A water moccasin skeleton (D:3)
  5 scorpions
  A blink frog simulacrum (Lair:1)
  8 wights
  2 howler monkeys
  6 crimson imps
  A bullfrog zombie (D:6)
  A centaur zombie (D:7)
  A quasit (D:8)
  2 water moccasin simulacra (Lair:1)
  4 orc priests
  A bullfrog skeleton (D:9)
  4 hounds
  3 jellies
  An iguana (D:8)
  A merfolk siren (Sewer)
  4 orc wizards
  6 worker ants
  A merfolk avatar (Sewer)
  3 mummies (Ossuary)
  A porcupine simulacrum (Lair:1)
  A hound skeleton (D:6)
  6 gnolls
  12 adders
  3 river rats (Sewer)
  3 shadow imps
  2 white imps (D:9)
  A howler monkey simulacrum (D:9)
  An adder skeleton (D:6)
  An adder zombie (D:4)
  A worm (D:3)
  A dart slug (D:5)
  8 leopard geckos
  27 orcs
  5 ball pythons
  12 giant cockroaches
  A gnoll zombie (Ossuary)
  8 goblins
  5 hobgoblins
  8 jackals
  3 quokkas
  5 bats
  7 frilled lizards
  3 goblin zombies (Ossuary)
  5 hobgoblin zombies (Ossuary)
  9 kobolds
  4 kobold zombies (Ossuary)
  A quokka skeleton (D:5)
  A quokka zombie (D:5)
  29 rats
298 creatures vanquished.

Vanquished Creatures (collateral kills)
  A centaur warrior (D:9)
  A rime drake (Lair:1)
  2 yaks (Lair:2)
  A warg (D:8)
  2 sky beasts (D:6)
  An orc warrior (D:9)
  A black bear (D:7)
  A phantom (D:7)
  An ogre (D:4)
  3 bullfrogs
  A wight (D:9)
  2 crimson imps (D:6)
  2 orc priests (D:3)
  5 orc wizards
  A hound skeleton (D:4)
  An adder zombie (D:6)
  An adder skeleton (D:3)
  10 orcs
  2 kobolds (D:7)
39 creatures vanquished.

Vanquished Creatures (others)
  A white imp (D:9)
  3 fungi (Lair:2)
  A plant (Lair:2)
5 creatures vanquished.

Grand Total: 342 creatures vanquished

Notes
Turn   | Place    | Note
-------+----------+-------------------------------------------
     0 | D:1      | Apogee the Demonspawn Fighter began the quest for the Orb.
     0 | D:1      | Reached XP level 1. HP: 18/18 MP: 1/1
     7 | D:1      | Noticed a halfling
     7 | D:1      | Noticed a demonspawn
     9 | D:1      | Noticed a centaur
     9 | D:1      | Noticed an octopode
    11 | D:1      | Noticed a formicid
    11 | D:1      | Noticed a draconian
    13 | D:1      | Noticed a spriggan
    13 | D:1      | Noticed an ogre
    15 | D:1      | Noticed a merfolk
    15 | D:1      | Noticed a tengu
    17 | D:1      | Noticed a gargoyle
    19 | D:1      | Noticed a demigod
    19 | D:1      | Noticed a dwarf
    21 | D:1      | Noticed a troll
    21 | D:1      | Noticed a minotaur
    23 | D:1      | Noticed a felid
    23 | D:1      | Noticed a naga
    25 | D:1      | Noticed an elf
    27 | D:1      | Noticed a vine stalker
    29 | D:1      | Noticed a vampire
    29 | D:1      | Noticed a human
    31 | D:1      | Noticed a ghoul
   159 | D:1      | Reached skill level 2 in Axes
   240 | D:1      | Gained mutation: A weak demonic guardian rushes to your
                  | aid. [demonic ancestry]
   240 | D:1      | Reached XP level 2. HP: 24/24 MP: 2/2
   960 | D:1      | Reached skill level 3 in Axes
  1112 | D:2      | Found a faded altar of an unknown god.
  1135 | D:2      | Reached XP level 3. HP: 15/29 MP: 3/3
  1972 | D:2      | Found a sparkling altar of Nemelex Xobeh.
  2076 | D:2      | Reached skill level 4 in Axes
  2076 | D:2      | Gained mutation: You sometimes gain a little power by
                  | taking damage. [demonic ancestry]
  2076 | D:2      | Reached XP level 4. HP: 21/35 MP: 4/4
  2370 | D:2      | Found a stormy altar of Qazlal.
  2617 | D:3      | Reached XP level 5. HP: 22/41 MP: 5/5
  2633 | D:3      | Reached skill level 5 in Axes
  3475 | D:3      | Gained mutation: You have sharp toenails. [demonic
                  | ancestry]
  3475 | D:3      | Reached XP level 6. HP: 46/47 MP: 6/6
  3509 | D:4      | Reached skill level 6 in Axes
  3701 | D:4      | Found a staircase to the Ecumenical Temple.
  3736 | Temple   | Entered the Ecumenical Temple
  3875 | Temple   | Became a worshipper of Makhleb the Destroyer
  4290 | D:4      | Found a sacrificial altar of Ru.
  4548 | D:4      | Noticed Edmund
  4593 | D:5      | Entered Level 5 of the Dungeon
  4596 | D:5      | Noticed a sky beast
  4613 | D:5      | Killed a sky beast
  4613 | D:5      | Gained mutation: You sometimes gain power by taking damage.
                  | [demonic ancestry]
  4613 | D:5      | Reached XP level 7. HP: 42/54 MP: 7/7
  4849 | D:5      | Found Geovvi's Assorted Antiques.
  5867 | D:6      | Reached skill level 7 in Axes
  5882 | D:6      | Reached skill level 5 in Fighting
  6089 | D:6      | Reached * piety under Makhleb
  6105 | D:6      | Found a glowing drain.
  6163 | Sewer    | Entered a sewer
  6547 | Sewer    | Reached ** piety under Makhleb
  6872 | D:6      | Reached XP level 8. HP: 64/64 MP: 8/8
  6956 | D:6      | Reached skill level 8 in Axes
  7748 | D:7      | Reached skill level 9 in Axes
  8020 | D:7      | Found a bloodstained altar of Trog.
  8030 | D:7      | Gained mutation: You are partially covered in molten
                  | scales. (AC +2) [demonic ancestry]
  8030 | D:7      | Reached XP level 9. HP: 59/69 MP: 9/9
  8175 | D:7      | Reached skill level 10 in Axes
  8274 | D:7      | Found a sacrificial altar of Ru.
  8861 | D:7      | Found a shimmering altar of Xom.
  9135 | D:8      | Noticed Joseph
  9153 | D:7      | Reached *** piety under Makhleb
  9226 | D:8      | Found a staircase to the Lair.
  9242 | D:8      | Reached skill level 5 in Armour
  9290 | D:8      | Found a snail-covered altar of Cheibriados.
  9307 | D:8      | Noticed Erica
  9339 | D:8      | Killed Erica
  9339 | D:8      | Reached skill level 11 in Axes
  9339 | D:8      | Reached XP level 10. HP: 76/76 MP: 10/10
  9491 | D:8      | Noticed Pikel
  9583 | D:8      | Killed Pikel
  9741 | D:8      | Found a sand-covered staircase.
  9749 | Ossuary  | Entered an ossuary
 10134 | D:8      | Found a shattered altar of Ashenzari.
 10222 | D:8      | Killed Joseph
 10317 | D:8      | Reached skill level 12 in Axes
 11014 | D:9      | Reached **** piety under Makhleb
 11024 | D:9      | Found an opulent altar of Gozag.
 11076 | D:9      | Noticed a centaur warrior
 11092 | D:9      | Killed a centaur warrior
 11092 | D:9      | Reached skill level 1 in Dodging
 11270 | D:8      | Gained mutation: You have a pair of small horns on your
                  | head. [potion of mutation]
 11270 | D:8      | Gained mutation: You occasionally shout uncontrollably at
                  | your foes. [potion of mutation]
 11270 | D:8      | Gained mutation: You are frail. (-10% HP) [potion of
                  | mutation]
 11270 | D:8      | Gained mutation: You have an increased reservoir of magic.
                  | (+10% MP) [potion of mutation]
 11271 | D:8      | Lost mutation: You are frail. (-10% HP) [potion of
                  | mutation]
 11271 | D:8      | Lost mutation: You have a pair of small horns on your head.
                  | [potion of mutation]
 11271 | D:8      | Lost mutation: You occasionally shout uncontrollably at
                  | your foes. [potion of mutation]
 11271 | D:8      | Gained mutation: You expend magic power (3 MP) to
                  | strengthen your wands. [potion of mutation]
 11271 | D:8      | Gained mutation: Your body sometimes deteriorates upon
                  | taking damage. [potion of mutation]
 11271 | D:8      | Gained mutation: You are frail. (-10% HP) [potion of
                  | mutation]
 11271 | D:8      | Gained mutation: You have a pair of small horns on your
                  | head. [potion of mutation]
 11320 | D:9      | Noticed a death knight
 11495 | D:9      | Found a roughly hewn altar of Beogh.
 11495 | D:9      | Found a staircase to the Orcish Mines.
 11682 | Lair:1   | Entered Level 1 of the Lair of Beasts
 11727 | Lair:1   | Found a runed translucent gate.
 11727 | Lair:1   | Found a runed translucent gate.
 11727 | Lair:1   | Found a runed translucent gate.
 11754 | Lair:1   | Reached XP level 11. HP: 69/74 MP: 12/12
 11757 | Lair:1   | Reached ***** piety under Makhleb
 11757 | Lair:1   | Reached skill level 13 in Axes
 11796 | Lair:1   | Noticed xccam's ghost (journeyman DrTm)
 11812 | Lair:1   | Reached skill level 1 in Invocations
 12109 | Lair:2   | Noticed Harold
 12117 | Lair:2   | Killed Harold
 12117 | Lair:2   | Reached skill level 5 in Invocations
 12301 | Lair:2   | Noticed a seven-headed hydra
 12368 | Lair:2   | HP: 2/78 [11-headed hydra (6)]
 12368 | Lair:2   | Slain by an 11-headed hydra

Illustrated notes

Levels and vault maps discovered:
D:1:      kb_arrival_jail, layout_loops_ring
D:2:      layout_basic, nemelex_xobeh_ov_fountains_minmay, lemuel_crystal_altar,
          first_ration, chequers_ecumenical_altar_island
D:3:      layout_rooms
D:4:      layout_basic, minmay_temple_entry_sparse_star, minivault_1,
          hangedman_ru_absence, uniq_edmund
D:5:      layout_basic, serial_shops, shop
D:6:      minmay_bubble_buster, layout_basic, gup_sewer_entry_glass
D:7:      layout_loops_ring, xom_butterflies, trog_ov_bears_minmay,
          old_standard_altar
D:8:      layout_basic, lemuel_doored_altar, kennysheep_mini,
          erik_lair_orcish_takeover, nicolae_ossuary_entry_plus, uniq_erica,
          uniq_pikel, uniq_joseph
D:9:      layout_cave_pools, david_orc_5, serial_ice, serial_ice_n,
          serial_ice_i, serial_ice_f, serial_ice_g, grunt_livestock,
          nicolae_gozag_zags_fifth_avenue
Temple:   regret_index_temple_waves
Lair:1:   layout_chaotic_city, gammafunk_ghost_icy, minmay_stone_trees_small,
          infiniplex_staircase_pool
Lair:2:   layout_regular_city, elwin_shoals_entry_stream,
          minmay_snake_entry_guardpost_medium, grunt_megastairs_4,
          minmay_lair_oklob_chamber, uniq_harold

Skill      XL: |  1  2  3  4  5  6  7  8  9 10 11 |
---------------+----------------------------------+-----
Axes           | 2 3 4 5 6 7 9 11 12 13 | 13.5
Fighting       | 4 5 6 8 |  8.4
Armour         | 5 6 |  6.0
Dodging        | 2 3 |  3.0
Invocations    | 5 |  5.9
Shields        | |  2.6

Action                   |  1- 3 |  4- 6 |  7- 9 | 10-12 || total
-------------------------+-------+-------+-------+-------++-------
Melee: War axe           |    96 |       |    57 |   384 ||   537
       Hand axe          |    15 |   248 |   469 |       ||   732
       Kick              |       |    23 |   160 |   120 ||   303
       Headbutt          |       |       |       |    36 ||    36
       Battleaxe         |       |       |       |     5 ||     5
 Fire: Shortbow          |       |       |     5 |    21 ||    26
Throw: Stone             |     4 |     2 |       |       ||     6
Evoke: Wand              |       |       |       |     1 ||     1
  Use: Potion            |       |     1 |     3 |    14 ||    18
       Scroll            |       |       |    14 |     4 ||    18
 Stab: Distracted        |       |     1 |     2 |     5 ||     8
  Eat: Chunk             |     4 |     7 |    13 |    10 ||    34
       Ration            |       |       |     2 |     1 ||     3
Armor: Scale mail        |    66 |   107 |   213 |   104 ||   490
       Plate armour      |       |       |       |   127 ||   127
Dodge: Dodged            |    43 |    97 |   174 |   140 ||   454

Table legend:
 A = Non-vault XP
 B = Vault XP
 C = Vault XP percentage of total XP
 D = Non-vault monster count
 E = Vault monster count
 F = Vault count percentage of total count
                 A         B        C        D         E       F
            +---------+---------+-------+---------+---------+-------
      Total |   10009 |    8497 |  45.9 |     202 |     130 |  39.2
            +---------+---------+-------+---------+---------+-------
        D:1 |      30 |       0 |   0.0 |      18 |       0 |   0.0
        D:2 |      96 |       0 |   0.0 |      21 |       0 |   0.0
        D:3 |     262 |       0 |   0.0 |      34 |       0 |   0.0
        D:4 |     284 |       0 |   0.0 |      13 |       0 |   0.0
        D:5 |     356 |       0 |   0.0 |      13 |       0 |   0.0
        D:6 |     446 |     567 |  56.0 |      19 |      14 |  42.4
        D:7 |    1310 |     197 |  13.1 |      22 |       2 |   8.3
        D:8 |     944 |    2670 |  73.9 |      16 |      13 |  44.8
        D:9 |    2192 |     897 |  29.0 |      26 |      24 |  48.0
     Lair:1 |      90 |    1249 |  93.3 |       1 |       8 |  88.9
     Lair:2 |    3999 |    2456 |  38.0 |      19 |      10 |  34.5
      Sewer |       0 |     184 | 100.0 |       0 |      43 | 100.0
    Ossuary |       0 |     277 | 100.0 |       0 |      16 | 100.0
            +---------+---------+-------+---------+---------+-------
